 Dungeon Crawl Stone Soup version 0.21-a0-179-gd2bfb5f (webtiles) character file.

33492 4thArraOfDagon the Black Belt (level 13, -2/90 HPs)
             Began as a Tengu Abyssal Knight on Aug 9, 2017.
             Was an Elder of Lugonu.
             Killed from afar by a catoblepas (11 damage)
             ... with a blast of calcifying dust
             ... on level 6 of the Lair of Beasts on Aug 10, 2017.
             The game lasted 00:49:20 (14672 turns).

4thArraOfDagon the Black Belt (TeAK)               Turns: 14672, Time: 00:49:20

Health: -2/90      AC: 10    Str: 12    XL:     13   Next: 71%
Magic:  30/30      EV: 16    Int: 18    God:    Lugonu [****..]
Gold:   1419       SH:  0    Dex: 10    Spells: 18/19 levels left

rFire    + . .     SeeInvis .     - Unarmed
rCold    . . .     Gourm    .   (no shield)
rNeg     . . .     Faith    +   K - +2 troll leather armour
rPois    +         Spirit   .   (helmet restricted)
rElec    .         Reflect  .   T - +2 cloak {MR+}
rCorr    .         Harm     .   (no gloves)
MR       ++...                  (boots unavailable)
Stlth    ++........             S - amulet "Heckurae" {Faith +Inv MP+9 Dex-4 Stlth+}
HPRegen  0.65/turn              j - ring of protection from fire
MPRegen  0.22/turn              R - ring of protection from magic

@: no status effects
A: beak, talons 3, blink, poison resistance, robust 1, shaggy fur 1, able to fly
1
a: Fly, Blink, Depart the Abyss, Bend Space, Banish, Corrupt, Renounce Religion,
Evoke Invisibility


You were on level 6 of the Lair of Beasts.
You worshipped Lugonu.
Lugonu was greatly pleased with you.
You were not hungry.

You visited 3 branches of the dungeon, and saw 23 of its levels.
You visited the Abyss 1 time.
You also visited: Ossuary.

You collected 2119 gold pieces.
You spent 700 gold pieces at shops.

Inventory:

Hand Weapons
 p - the cursed +3 trident "Alusigg" {drain, *Corrode rF+++ Dex+10 Stlth+}
   (You found it on level 14 of the Dungeon)

   A truly terrible weapon, it drains the life of those it strikes.
   It affects your dexterity (+10).
   It renders you almost immune to fire.
   It may corrode you when you take damage.
   It makes you more stealthy.
   It has a curse placed upon it.
 q - the +5 mace of Avaede Opet {crush, Str+8}
   (You found it on level 9 of the Dungeon)

   It inflicts extra damage upon your enemies.
   It affects your strength (+8).
Missiles
 x - a throwing net (quivered)
Armour
 K - a +2 troll leather armour (worn)
 T - a +2 cloak of magic resistance (worn)
Jewellery
 c - an uncursed ring of poison resistance
 d - the ring of the Ego {Fire +Inv rPois rN++ Str-5}
   (You acquired it on level 2 of the Orcish Mines)

   [ring of fire]

   It enhances your fire magic.
   It affects your strength (-5).
   It protects you from fire.
   It makes you vulnerable to cold.
   It protects you from poison.
   It greatly protects you from negative energy.
   It lets you turn invisible.
 j - a ring of protection from fire (left hand)
 l - an uncursed ring of protection from magic
 r - a +5 ring of intelligence
 v - an uncursed ring of positive energy
 z - an uncursed ring of magical power
 J - a cursed amulet of inaccuracy
 N - an uncursed ring of loudness
 O - an uncursed amulet of harm
 Q - an uncursed ring of protection from cold
 R - a ring of protection from magic (right hand)
 S - the amulet "Heckurae" (around neck) {Faith +Inv MP+9 Dex-4 Stlth+}
   (You acquired it on level 9 of the Dungeon)

   [amulet of faith]

   It allows you to gain divine favour quickly.
   It affects your dexterity (-4).
   It affects your magic capacity (+9).
   It lets you turn invisible.
   It makes you more stealthy.
 Y - an uncursed ring of wizardry
Wands
 e - a wand of polymorph (14/24)
 g - a wand of acid (4/15)
 i - a wand of flame (32/48)
 t - a wand of lightning (5/15)
 E - a wand of enslavement (11/24)
 L - a wand of paralysis (9/24)
 M - a wand of confusion (18/48)
 W - a wand of acid (10/15)
 Z - a wand of disintegration (2/24)
Scrolls
 a - 3 scrolls of blinking
 m - 9 scrolls of recharging
 s - 6 scrolls of teleportation
 y - 4 scrolls of fear
 B - a scroll of fog
 G - a scroll of enchant weapon
 I - a scroll of amnesia
 P - 6 scrolls of magic mapping
 U - a scroll of remove curse
Potions
 f - 4 potions of might
 h - a potion of agility
 n - 3 potions of haste
 u - 9 potions of curing
 w - 2 potions of resistance
 A - a potion of magic
 C - 2 potions of brilliance
 D - 2 potions of berserk rage
 F - 7 potions of heal wounds
 H - a potion of ambrosia
 V - 3 potions of lignification
 X - 2 potions of mutation
Miscellaneous
 o - a lightning rod (4/4)
Comestibles
 b - 17 bread rations
 k - 5 meat rations


   Skills:
 - Level 10.1 Fighting
 - Level 2.1 Armour
 - Level 11.1 Dodging
 - Level 15.1 Unarmed Combat
 + Level 3.8 Spellcasting
 - Level 10.2 Invocations


You had 18 spell levels left.
You knew the following spells:

 Your Spells              Type           Power        Failure   Level  Hunger
a - Apportation           Tloc           #.....       19%         1    None


Dungeon Overview and Level Annotations

Branches:
Dungeon (15/15)            Temple (0/1) D:5            Lair (6/6) D:8
 Shoals (0/4) Lair:4        Snake (0/4) Lair:2          Orc (2/2) D:10
 Depths (0/5) D:15
  Slime: Lair:5-6       Elf: Orc:2       Vaults: D:13-14

Altars:
Cheibriados
Elyvilon
Gozag
Makhleb
Qazlal
Ru
Sif Muna
Wu Jian
The Shining One

Shops:
Orc:2 ?*%(

Annotations:
D:4 4thArraOfDagon's ghost, amateur TeAK
D:9 1 exclusion
Lair:4 exclusion: oklob plant
Lair:5 Duffy's ghost, journeyman DsWn; Urug
Orc:2 corrupted
Abyss:1 Snorg


Innate Abilities, Weirdness & Mutations

You have a beak for a mouth.
You have claws for feet.
You can fly.
You can translocate small distances at will.
Your system is resistant to poisons. (rPois)
You are robust. (+10% HP)
You are covered in fur. (AC +1)


Message History

You barely miss the catoblepas.
You claw the catoblepas, but do no damage.
The catoblepas is severely wounded.
The catoblepas gores you but does no damage.
You punch the catoblepas! You peck the catoblepas.
The catoblepas is almost dead.
The catoblepas gores you!!
* * * LOW HITPOINT WARNING * * *
Unknown command.
You hit the catoblepas but do no damage.
The catoblepas is almost dead.
The catoblepas breathes a plume of calcifying dust at you.
The blast of calcifying dust hits you!
* * * LOW HITPOINT WARNING * * *
Unknown command.
Unknown command.
Unknown command.
The catoblepas breathes a plume of calcifying dust at you.
The blast of calcifying dust hits you!
You die...

##...# ##.### #...P
##....## # #...##
#......## ## #....#
#......# .# ##...# #..##
####...## #...## #.....#
##.§Y## ## ##....###
##§.§###PP# ##.....##
##.@....#
#####......###......##
#......#.#.....8......#
.......##..........8....
.......#####....8.......
........##.÷.........8..
........####..8..........
.....................(...
................(...?.....


You could see a catoblepas.

Vanquished Creatures
  An orc high priest (Orc:2)
  An unseen horror (D:11)
  A manticore (Lair:4)
  A salamander (shapeshifter) (D:13)
  4 spiny frogs
  2 black mambas (Lair:6)
  A rime drake (Lair:6)
  3 komodo dragons
  2 trolls
  A hornet (D:14)
  Grinder (D:6)
  4 blink frogs (Lair:6)
  A hippogriff (shapeshifter) (D:12)
  8 hippogriffs
  6 slime creatures
  A shadow (D:13)
  2 wraiths
  5 wyverns
  22 yaks
  2 hungry ghosts
  A basilisk (Lair:6)
  3 vampire mosquitoes (D:15)
  A warg (Orc:2)
  A soldier ant (D:14)
  2 nagas (Lair:2)
  An acid dragon (D:13)
  3 porcupines
  10 water moccasins
  26 orc warriors
  2 ice beasts
  A sky beast (D:12)
  3 phantoms
  A black bear (D:12)
  A centaur (D:12)
  6 ogres
  2 crocodiles
  5 big kobolds
  14 bullfrogs
  2 gnoll sergeants (D:10)
  5 scorpions
  A killer bee (D:11)
  3 wights (D:10)
  5 crimson imps
  3 howler monkeys
  4 centaur zombies
  6 hounds
  3 jellies
  25 orc priests
  A bullfrog skeleton (D:4)
  A gnoll shaman (D:5)
  6 centaur skeletons
  4 iguanas
  21 orc wizards
  11 worker ants
  A hound zombie (D:6)
  8 mummies (Ossuary)
  A worker ant zombie (D:6)
  3 gnolls
  15 adders
  A river rat (D:6)
  2 shadow imps
  An ooze (D:5)
  2 adder zombies
  A worm (D:4)
  2 dart slugs
  3 leopard geckos
  93 orcs
  5 giant cockroaches
  4 gnoll zombies (Ossuary)
  4 goblins
  4 hobgoblins
  5 jackals (D:1)
  2 ball pythons (D:6)
  5 bats
  3 frilled lizards
  4 hobgoblin zombies (Ossuary)
  A jackal skeleton (D:9)
  5 kobolds
  6 rats
  A butterfly (D:5)
435 creatures vanquished.

Vanquished Creatures (others)
  A fire giant (D:15)
  A hydra (Lair:6)
  A centaur warrior (D:14)
  4 two-headed ogres
  4 orc high priests (Orc:2)
  A wizard (D:13)
  8 orc knights
  2 ugly things
  2 cyclopes
  An orc sorcerer (Orc:2)
  2 wolf spiders
  The ghost of 4thArraOfDagon the Insei, a novice TeAK of Lugonu (D:5)
  An efreet (D:13)
  A merfolk (D:9)
  A hornet (D:14)
  25 orc warriors
  A black bear (D:6)
  An electric eel (D:8)
  6 orc priests (Orc:2)
  7 orcs
  A kobold (D:1)
  2 fungi (Lair:6)
  19 starspawn tentacles (Orc:2)
93 creatures vanquished.

Grand Total: 528 creatures vanquished

Notes
Turn   | Place    | Note
-------+----------+-------------------------------------------
     0 | Abyss:1  | 4thArraOfDagon the Tengu Abyssal Knight began the quest for the Orb.
     0 | Abyss:1  | Reached XP level 1. HP: 14/14 MP: 3/3
     3 | Abyss:1  | lol
    54 | Abyss:1  | Noticed a shock serpent skeleton
    56 | D:1      | Escaped the Abyss
   395 | D:1      | Reached * piety under Lugonu
   395 | D:1      | Reached XP level 2. HP: 9/19 MP: 4/4
   668 | D:1      | Reached XP level 3. HP: 11/23 MP: 5/5
   675 | D:1      | Reached skill level 3 in Unarmed Combat
  1146 | D:2      | Reached ** piety under Lugonu
  1266 | D:2      | Reached XP level 4. HP: 28/28 MP: 6/6
  1486 | D:4      | Reached skill level 4 in Unarmed Combat
  1524 | D:4      | Gained mutation: You can fly. [Tengu growth]
  1524 | D:4      | Reached XP level 5. HP: 9/32 MP: 7/7
  1899 | D:4      | Noticed 4thArraOfDagon's ghost (amateur TeAK)
  1905 | D:4      | Gained mutation: You have a somewhat thin skeletal structure. (Dex +2, Stealth) [potion of mutation]
  1905 | D:4      | Gained mutation: Scrolls take you a little longer to read. [potion of mutation]
  1905 | D:4      | Gained mutation: You can translocate small distances at will. [potion of mutation]
  1920 | D:4      | Reached skill level 5 in Unarmed Combat
  1920 | D:4      | Reached XP level 6. HP: 25/37 MP: 9/9
  2002 | D:5      | Entered Level 5 of the Dungeon
  2163 | D:5      | Noticed 4thArraOfDagon's ghost (novice TeAK)
  2215 | D:5      | Found a staircase to the Ecumenical Temple.
  2232 | D:5      | Found a sand-covered staircase.
  2239 | Ossuary  | Entered an ossuary
  2466 | Ossuary  | Reached *** piety under Lugonu
  2474 | Ossuary  | Reached XP level 7. HP: 29/41 MP: 10/10
  2482 | Ossuary  | Reached skill level 6 in Unarmed Combat
  2660 | D:5      | Banished 4thArraOfDagon's ghost
  2880 | D:4      | Reached skill level 7 in Unarmed Combat
  3104 | D:5      | Reached XP level 8. HP: 46/46 MP: 10/12
  3333 | D:6      | Reached skill level 5 in Dodging
  3617 | D:6      | Got a steaming leather armour
  3628 | D:6      | Identified the +2 leather armour of Miezy {MP+9 Str+2} (You found it on level 6 of the Dungeon)
  3753 | D:6      | Found a runed door.
  3757 | D:6      | Noticed Crazy Yiuf
  3758 | D:6      | Noticed Crazy Yiuf
  3758 | D:6      | Crazy Yiuf changed into Crazy Yiuf the river rat
  3765 | D:6      | Killed Crazy Yiuf the river rat
  3935 | D:6      | Reached skill level 8 in Unarmed Combat
  4008 | D:6      | Noticed Edmund
  4013 | D:6      | Noticed Edmund
  4013 | D:6      | Edmund changed into Edmund the bullfrog
  4018 | D:6      | Killed Edmund the bullfrog
  4066 | D:6      | Noticed Grinder
  4073 | D:6      | Killed Grinder
  4073 | D:6      | Reached XP level 9. HP: 37/52 MP: 13/13
  4147 | D:6      | You fall through a shaft for 2 floors!
  4147 | D:8      | Noticed a two-headed ogre
  4148 | D:8      | Banished a two-headed ogre
  4148 | D:8      | Reached skill level 9 in Unarmed Combat
  4148 | D:8      | Reached skill level 5 in Invocations
  4185 | D:8      | Found a snail-covered altar of Cheibriados.
  4188 | D:8      | Found a burning altar of Makhleb.
  4191 | D:8      | Found an ornate altar of the Wu Jian Council.
  4205 | D:8      | Found a stormy altar of Qazlal.
  4454 | D:7      | Reached skill level 5 in Fighting
  4590 | D:7      | Found a white marble altar of Elyvilon.
  4606 | D:7      | Got a wizard robe
  4623 | D:7      | Identified the cursed +0 robe of Chimes {-Tele +Inv rElec Dex+10} (You found it on level 7 of the Dungeon)
  4917 | D:7      | Found an opulent altar of Gozag.
  5359 | D:8      | Noticed a two-headed ogre
  5387 | D:8      | Banished a two-headed ogre
  5387 | D:8      | Reached skill level 10 in Unarmed Combat
  5567 | D:8      | Noticed a death yak
  5569 | D:8      | Noticed a death yak
  5645 | D:8      | Reached XP level 10. HP: 60/60 MP: 12/15
  5943 | D:9      | Got a shimmering mace
  5970 | D:9      | Identified 3 scrolls of acquirement
  5970 | D:9      | Got a scorched zirconium amulet
  5985 | D:9      | Identified the amulet "Heckurae" {Faith +Inv MP+9 Dex-4 Stlth+} (You acquired it on level 9 of the Dungeon)
  6243 | D:9      | Lost mutation: You have a somewhat thin skeletal structure. (Dex +2, Stealth) [potion of mutation]
  6243 | D:9      | Lost mutation: Scrolls take you a little longer to read. [potion of mutation]
  6243 | D:9      | Gained mutation: Your system is resistant to poisons. (rPois) [potion of mutation]
  6243 | D:9      | Gained mutation: You are robust. (+10% HP) [potion of mutation]
  6316 | D:9      | Learned a level 1 spell: Apportation
  6388 | D:9      | Found a deep blue altar of Sif Muna.
  6487 | D:9      | HP: 3/66 [merfolk/spear (11)]
  6696 | D:10     | Entered Level 10 of the Dungeon
  6777 | D:10     | Reached skill level 11 in Unarmed Combat
  7210 | D:10     | Found a staircase to the Orcish Mines.
  7599 | D:11     | Reached **** piety under Lugonu
  7753 | D:11     | Noticed a white ugly thing
  7759 | D:11     | Banished a white ugly thing
  7967 | D:11     | Reached XP level 11. HP: 33/72 MP: 17/17
  8222 | D:11     | Killed an unseen horror
  8222 | D:11     | Reached skill level 12 in Unarmed Combat
  8630 | D:12     | Noticed a white ugly thing
  8632 | D:12     | Banished a white ugly thing
  9242 | D:12     | Noticed a two-headed ogre
  9253 | D:12     | Banished a two-headed ogre
  9264 | D:12     | Noticed a cyclops
  9264 | D:12     | Banished a cyclops
  9308 | D:13     | Noticed Snorg
  9311 | D:13     | Banished Snorg
  9402 | D:13     | Reached skill level 13 in Unarmed Combat
  9682 | D:13     | Noticed a cyclops
  9696 | D:13     | Banished a cyclops
  9702 | D:13     | Reached XP level 12. HP: 31/80 MP: 19/19
 10001 | D:13     | Noticed a two-headed ogre
 10002 | D:13     | Banished a two-headed ogre
 10026 | D:12     | Gained mutation: You are covered in fur. (AC +1) [mutagenic meat]
 10195 | D:14     | Reached skill level 10 in Dodging
 10249 | D:14     | Got a brightly glowing trident
 10306 | D:14     | Found a sacrificial altar of Ru.
 10309 | D:14     | Noticed a centaur warrior
 10317 | D:14     | Banished a centaur warrior
 10386 | D:14     | Found a glowing golden altar of the Shining One.
 10408 | D:15     | Entered Level 15 of the Dungeon
 10455 | D:15     | Noticed a death knight
 10477 | D:15     | Reached skill level 14 in Unarmed Combat
 10510 | D:15     | Found a staircase to the Depths.
 10510 | D:15     | Noticed a fire giant
 10534 | D:15     | Banished a fire giant
 11092 | Orc:1    | Entered Level 1 of the Orcish Mines
 11369 | Orc:1    | Found a burning altar of Makhleb.
 11700 | Orc:2    | Entered Level 2 of the Orcish Mines
 12241 | Orc:2    | Noticed an orc high priest
 12242 | Orc:2    | Corrupted Orc:2
 12248 | Orc:2    | Killed an orc high priest
 12257 | Orc:2    | Noticed a tentacled starspawn
 12296 | Orc:2    | Noticed a tentacled starspawn
 12304 | Orc:2    | Killed an orc high priest
 12312 | Orc:2    | Killed an orc high priest
 12399 | Orc:2    | Reached XP level 13. HP: 52/88 MP: 20/20
 12513 | Orc:2    | Found Xoolevia's Antique Weapon Shoppe.
 12513 | Orc:2    | Found Koplonem's Magic Scroll Shoppe.
 12514 | Orc:2    | Found Bots's Food Shoppe.
 12514 | Orc:2    | Found Nibiqit's General Store.
 12525 | Orc:2    | Bought 2 scrolls of magic mapping for 70 gold pieces
 12525 | Orc:2    | Bought a scroll of magic mapping for 35 gold pieces
 12525 | Orc:2    | Bought a scroll of blinking for 75 gold pieces
 12526 | Orc:2    | Bought a scroll of acquirement for 520 gold pieces
 12527 | Orc:2    | Got a glittering tin ring
 12529 | Orc:2    | Identified the ring of the Ego {Fire +Inv rPois rN++ Str-5} (You acquired it on level 2 of the Orcish Mines)
 12532 | Orc:2    | :(
 12532 | Orc:2    | Upgraded the game from 0.21-a0-178-g0b87683 to 0.21-a0-179-gd2bfb5f
 12753 | Orc:2    | Reached skill level 15 in Unarmed Combat
 13108 | D:8      | Identified the cursed +3 trident "Alusigg" {drain, *Corrode rF+++ Dex+10 Stlth+} (You found it on level 14 of the Dungeon)
 13140 | D:8      | Found a staircase to the Lair.
 13186 | Lair:1   | Entered Level 1 of the Lair of Beasts
 13244 | Lair:2   | Found a staircase to the Snake Pit.
 13497 | Lair:3   | Identified the +5 mace of Avaede Opet {crush, Str+8} (You found it on level 9 of the Dungeon)
 13545 | Lair:3   | Reached skill level 1 in Spellcasting
 13675 | Lair:4   | Found a staircase to the Shoals.
 13976 | Lair:5   | Noticed Urug
 13983 | Lair:6   | Entered Level 6 of the Lair of Beasts
 14031 | Lair:6   | Reached skill level 10 in Fighting
 14264 | Lair:5   | Noticed Duffy's ghost (journeyman DsWn)
 14384 | Lair:6   | Reached ***** piety under Lugonu
 14401 | Lair:6   | Reached skill level 10 in Invocations
 14672 | Lair:6   | Killed from afar by a catoblepas

Vault maps used:
D:1:      dpeg_arrival_refuge
D:2:      minmay_wonky_spiral, uniq_robin
D:3:      lemuel_doored_altar, bh_chokoban, uniq_terence
D:4:      first_bread
D:5:      minmay_temple_entry_butterflies, enter_ossuary_1,
          minmay_crystal_water, minivault_14
D:6:      uniq_edmund, uniq_grinder, uniq_crazy_yiuf_cottage
D:7:      grunt_gozag_breadcrumbs, basic_altar
D:8:      grunt_temple_overflow_cloverleaf, dpeg_lair_monsters, serial_aquarium,
          aquarium_bridge_straight, aquarium_window_1, aquarium_window_fake,
          aquarium_window_1, aquarium_window_3, aquarium_view_2a,
          aquarium_view_2d, aquarium_balcony_double_2, aquarium_pool_four
D:9:      led_sif_book, hangedman_fish_farm
D:10:     kennysheep_orc_monster_closet_entryway
D:11:     special_room, hangedman_decor_push, roderic_lattice_a,
          glass_columns_a, uniq_erica
D:12:     special_room
D:13:     david_vaults_4, uniq_snorg
D:14:     nicolae_ru_path_of_blood, nicolae_tso_swordbearing_angel
D:15:     grunt_enter_depths_giant_problem, serial_bayou_shore_b
Lair:1:   lemuel_centaur_altar
Lair:2:   minmay_snake_entry_guardpost_small, cheibrodos_lair_lostbears,
          serial_bayou_shore_a, uniq_harold
Lair:4:   minmay_shoals_entry_beasts, dpeg_oklob_1
Lair:5:   uniq_urug
Lair:6:   evilmike_catoblepas_cave, dpeg_slime_entry_enclosed_altar
Orc:1:    basic_altar
Orc:2:    st_orc_pillars, abandoned_shop
Ossuary:  ossuary_tomb_3

Skill      XL: |  1  2  3  4  5  6  7  8  9 10 11 12 13 |
---------------+----------------------------------------+-----
Invocations    | 2 3 4 5 6 8 9 10 | 10.2
Unarmed Combat | 3 4 5 7 8 10 11 13 14 15 | 15.1
Dodging        | 2 3 4 5 7 8 9 10 11 | 11.1
Fighting       | 4 5 6 8 9 10 | 10.1
Spellcasting   | 3 |  3.8
Armour         | |  2.1

Action                   |  1- 3 |  4- 6 |  7- 9 | 10-12 | 13-15 || total
-------------------------+-------+-------+-------+-------+-------++-------
Melee: Unarmed           |   113 |   159 |   270 |   986 |   491 ||  2019
       Kick              |    13 |    42 |    80 |   248 |    81 ||   464
       Peck              |    11 |    25 |    53 |   131 |    46 ||   266
       Punch             |       |     4 |     8 |    40 |    28 ||    80
Invok: Depart the Abyss  |     1 |       |       |       |       ||     1
       Banish            |       |       |    10 |    33 |     9 ||    52
       Corrupt           |       |       |       |     1 |       ||     1
 Abil: Fly               |       |     1 |     2 |     1 |       ||     4
Evoke: Wand              |       |     4 |     7 |     5 |       ||    16
  Use: Scroll            |       |    11 |     6 |    22 |     6 ||    45
       Potion            |       |     8 |     5 |     2 |     1 ||    16
 Stab: Sleeping          |       |       |     5 |     6 |     3 ||    14
       Confused          |       |       |       |     3 |       ||     3
       Paralysed         |       |       |       |     2 |       ||     2
       Distracted        |       |       |       |       |     1 ||     1
  Eat: Chunk             |     1 |     3 |     8 |    16 |     4 ||    32
       Fruit             |       |     5 |     6 |     3 |       ||    14
       Meat ration       |       |       |       |     2 |     1 ||     3
       Royal jelly       |       |       |       |     4 |     2 ||     6
Armor: Ring mail         |    32 |    26 |    20 |       |       ||    78
       Skin              |       |     2 |    21 |       |       ||    23
       Leather armour    |       |       |    17 |       |       ||    17
       Robe              |       |       |     2 |     2 |       ||     4
       Troll leather arm |       |       |       |   199 |    81 ||   280
Dodge: Dodged            |    68 |    90 |   143 |   574 |   258 ||  1133
